 Dungeon Crawl Stone Soup version 0.29.1-15-g9cfb28693d (webtiles) character file.

Game seed: 9279368545076218898

226 Descartes the Sneak (level 6, -5/32 (36) HPs)
             Began as an Octopode Fire Elementalist on Apr 9, 2023.
             Slain by Duvessa
             ... wielding a +2 short sword of draining
              (10 damage)
             ... on level 4 of the Dungeon.
             The game lasted 00:05:58 (4703 turns).

Descartes the Sneak (Octopode Fire Elementalist)    Turns: 4703, Time: 00:05:59

HP:   -5/32 (36)    AC:  8    Str:  8    XL:     6   Next: 1%
MP:   9/10          EV: 13    Int: 19    God:
Gold: 164           SH:  0    Dex: 12    Spells: 9/10 levels left

rFire   . . .      SeeInvis .   f - +0 dagger (protect)
rCold   + . .      Faith    .   (no shield)
rNeg    . . .      Spirit   .   (helmet restricted)
rPois   .          Reflect  .   (no amulet)
rElec   .          Harm     .   d - ring of protection from cold
rCorr   .          Rampage  .   (no ring)
Will    .....                   (no ring)
Stlth   +++.......              (no ring)
HPRegen 0.10/turn               (no ring)
MPRegen 0.12/turn               (no ring)
                                (no ring)
                                (no ring)

@: under a protective aura, heavily drained
A: almost no armour, amphibious, 8 rings, camouflage 1, gelatinous body 1,
(nimble swimmer 1), tentacles
a: no special abilities


You were on level 4 of the Dungeon.
You visited 1 branch of the dungeon, and saw 4 of its levels.

You collected 164 gold pieces.

Inventory:

Hand Weapons
 f - a +0 dagger of protection (weapon)
Jewellery
 d - a ring of protection from cold (left tentacle)
 l - a +4 ring of evasion
Scrolls
 c - a scroll of poison {unknown}
 e - a scroll of blinking {unknown}
 h - 3 scrolls of noise {unknown}
 j - a scroll of immolation {unknown}
 k - 2 scrolls of identify {unknown}
 o - a scroll of enchant weapon {unknown}
 p - 2 scrolls of summoning {unknown}
 r - a scroll of vulnerability {unknown}
 s - 2 scrolls of torment {unknown}
 t - a scroll of silence {unknown}
Potions
 a - a potion of magic
 b - a potion of resistance {unknown}
 g - a potion of invisibility {unknown}
 i - a potion of ambrosia {unknown}
 m - a potion of flight {unknown}
 n - 3 potions of curing {unknown}
 q - 3 potions of mutation {unknown}
 u - a potion of haste {unknown}
 v - a potion of might {unknown}


   Skills:
 + Level 1.9 Short Blades
 + Level 2.9 Dodging
 + Level 4.3 Stealth
 + Level 2.7 Spellcasting
 + Level 2.3 Conjurations
 + Level 3.7 Fire Magic
 + Level 1.4 Poison Magic


You had 9 spell levels left.
You knew the following spells:

 Your Spells              Type           Power      Damage    Failure   Level
a - Foxfire               Conj/Fire      56%        2x1d6     4%          1

Your spell library contained the following spells:

 Spells                   Type           Power      Damage    Failure   Level
 Scorch                   Fire           32%        2d6       5%          2
 Sting                    Tmut/Pois      20%        1d4       12%         1
 Conjure Flame            Conj/Fire      14%        6-21      14%         3
 Poisonous Vapours        Pois/Air       10%        N/A       19%         2
 Inner Flame              Hex/Fire       9%         N/A       22%         3
 Flame Wave               Conj/Fire      14%        2d6       41%         4
 Olgreb's Toxic Radiance  Pois           7%         N/A       65%         4


Dungeon Overview and Level Annotations

Branches:
Dungeon (4/15)
 Temple: D:4-7

Altars:

Annotations:
D:4 Dowan, Duvessa


Innate Abilities, Weirdness & Mutations

You cannot wear most types of armour.
You are amphibious.
You can wear up to eight rings at the same time.
Your skin changes colour to match your surroundings (Stealth+).
Your rubbery body absorbs attacks. (AC +1, EV +1)
((You are camouflaged when in or above water. (Stealth+)))
You have tentacles for arms and can constrict up to eight enemies at once.


Message History

You feel drained.
Casting: Foxfire (safe; 4% risk of failure)
Confirm with . or Enter, or press ? or * to list all spells.
You conjure some foxfire!
Duvessa barely misses you.
Unknown command.
Casting: Foxfire (safe; 4% risk of failure)
Confirm with . or Enter, or press ? or * to list all spells.
You don't have enough magic to cast this spell.
Unknown command.
Casting: Foxfire (safe; 4% risk of failure)
Confirm with . or Enter, or press ? or * to list all spells.
You don't have enough magic to cast this spell.
Unknown command.
You hit Duvessa but do no damage.
Your weapon exudes an aura of protection.
You grab Duvessa.
Duvessa is lightly wounded.
You constrict Duvessa, but do no damage.
The foxfire hits Duvessa.
Duvessa is lightly wounded.
The foxfire hits Duvessa but does no damage.
Duvessa is lightly wounded.
The foxfire hits Duvessa.
Duvessa is moderately wounded.
Duvessa hits you with a +2 short sword of draining!
You feel drained. Magic courses through your body.
You constrict Duvessa, but do no damage.
Dowan hits you with a +0 dagger.
Duvessa hits you with a +2 short sword of draining.
* * * LOW HITPOINT WARNING * * *
You feel drained.
* * * LOW HITPOINT WARNING * * *
Casting: Foxfire (safe; 4% risk of failure)
Confirm with . or Enter, or press ? or * to list all spells.
You conjure some foxfire!
You constrict Duvessa. Dowan hits you with a +0 dagger.
* * * LOW HITPOINT WARNING * * *
Duvessa hits you with a +2 short sword of draining!
You die...

≈..#.##
..##..###......#...#
###....##.....##...#
.......'.......#...#
.......# .... #...#
......# ... #...#
.....## # #.# #...#
#...## #.##.###ee'#
##'## #......v@v.#
#.# ####.#######
##.# #.# ##)## #.#
#...########.#
.............#
.....#########
.....# .....#


You could see Duvessa and Dowan (ally target).

Vanquished Creatures
  A howler monkey (D:4)
  A crimson imp (D:4)
  An orc priest (D:4)
  An orc wizard (D:3)
  4 adders
  A worm (D:2)
  3 dart slugs
  3 orcs
  6 bats
  4 endoplasms
  3 giant cockroaches
  4 goblins
  6 hobgoblins
  3 kobolds
  2 quokkas
  5 ball pythons
  5 frilled lizards
  2 rats
55 creatures vanquished.

Vanquished Creatures (others)
  304 foxfires
304 creatures vanquished.

Grand Total: 359 creatures vanquished

Notes
Turn   | Place    | Note
-------+----------+-------------------------------------------
     0 | D:1      | Descartes the Octopode Fire Elementalist began the quest
                  | for the Orb.
     0 | D:1      | Reached XP level 1. HP: 11/11 MP: 3/3
   177 | D:1      | Reached XP level 2. HP: 11/17 MP: 1/5
   200 | D:1      | Reached skill level 3 in Stealth
  1146 | D:2      | Reached XP level 3. HP: 21/21 MP: 1/6
  1356 | D:2      | Found a faded altar of an unknown god.
  1691 | D:2      | Reached skill level 1 in Short Blades
  2401 | D:3      | Reached XP level 4. HP: 17/27 MP: 2/7
  4197 | D:4      | Reached skill level 4 in Stealth
  4197 | D:4      | Reached XP level 5. HP: 19/31 MP: 3/8
  4326 | D:3      | Reached skill level 1 in Poison Magic
  4560 | D:4      | Reached XP level 6. HP: 36/36 MP: 1/10
  4688 | D:4      | Noticed Duvessa
  4688 | D:4      | Noticed Dowan
  4703 | D:4      | Slain by Duvessa

Illustrated notes

Levels and vault maps discovered:
D:1:      sevenhm_arrival_forest_fort_small_5, layout_basic,
          minmay_misc_feat_plants
D:2:      layout_basic, basic_ecumenical_altar
D:3:      layout_basic
D:4:      layout_loops_corners, kennysheep_cross_bottleneck,
          minmay_fire_ice_demons, uniq_duvessa

Skill      XL: |  1  2  3  4  5 |
---------------+----------------+-----
Stealth        | 3 4 |  4.3
Short Blades   | 1 |  1.9
Conjurations   | 2 |  2.3
Poison Magic   | 1 |  1.4
Dodging        | |  2.9
Spellcasting   | |  2.7
Fire Magic     | |  3.7

Action                   |  1- 3 |  4- 6 || total
-------------------------+-------+-------++-------
Melee: Dagger            |     3 |    18 ||    21
       Constrict         |     3 |     6 ||     9
       Unarmed           |     1 |       ||     1
       Tentacles         |     1 |     4 ||     5
 Cast: Foxfire           |    90 |    91 ||   181
  Use: Potion            |       |     1 ||     1
Armor: Skin              |       |    12 ||    12
Dodge: Dodged            |    11 |    30 ||    41
